 Dungeon Crawl Stone Soup version 0.17-a0-1596-g1e86911 (webtiles) character file.

2875 karlkraus the Blocker (level 9, 0/79 HPs)
             Began as a Minotaur Fighter on July 31, 2015.
             Slain by Grum
             ... wielding a -1 halberd
              (20 damage)
             ... on level 8 of the Dungeon.
             The game lasted 00:12:45 (5844 turns).

karlkraus the Blocker (Minotaur Fighter)            Turns: 5844, Time: 00:12:47

Health: 0/79       AC: 16    Str: 25    XL:     9   Next: 47%
Magic:  6/6        EV: 11    Int:  5    God:
Gold:   275        SH: 12    Dex:  9    Spells: 0 memorised, 8 levels left

rFire  . . .     SeeInvis .     a - +0 flail
rCold  . . .     Clarity  .     w - +5 ring mail "Ydghotz" {rElec}
rNeg   . . .     SustAt   .     c - +0 shield
rPois  +         Gourm    .     (helmet restricted)
rElec  +         Spirit   .     r - +2 cloak
rCorr  .         Warding  .     (no gloves)
rMut   .         Stasis   .     (no boots)
MR     .....                    (no amulet)
Stlth  +.........               q - ring of poison resistance
                                h - +2 ring of protection

@: not resistant to hostile enchantments, very unstealthy
A: retaliatory headbutt, fangs 1, horns 2, clumsy 1, low mp 2, regeneration 1,
strong 1
a: no special abilities


You were on level 8 of the Dungeon.
You were hungry.

You visited 2 branches of the dungeon, and saw 9 of its levels.

You collected 275 gold pieces.

Inventory:

Hand weapons
 a - a +0 flail (weapon)
Armour
 c - a +0 shield (worn)
 r - a +2 cloak (worn)
 w - the +5 ring mail "Ydghotz" (worn) {rElec}
   (You found it on level 4 of the Dungeon)

   It insulates you from electricity.
Jewellery
 h - a +2 ring of protection (left hand)
 q - a ring of poison resistance (right hand)
 x - an uncursed amulet of stasis {unknown}
 y - an uncursed amulet of resist corrosion {unknown}
 z - an uncursed ring of fire {unknown}
Magical devices
 b - a wand of polymorph (12)
 n - a wand of digging (18)
 t - a wand of fire (6)
 v - a wand of magic darts (26)
Scrolls
 k - a scroll of blinking {unknown}
 l - 4 scrolls of teleportation {unknown}
 o - 6 scrolls of identify
 p - 2 scrolls of fog
 A - 5 scrolls of enchant armour {unknown}
 B - a scroll of remove curse
 C - a scroll of enchant weapon {unknown}
Potions
 d - 2 potions of might
 f - a potion of lignification {unknown}
 j - 5 potions of curing {unknown}
 m - 3 potions of haste {unknown}
 s - a potion of cancellation {unknown}
 u - 2 potions of flight {unknown}
 D - a potion of brilliance {unknown}
Comestibles
 e - 4 bread rations
 g - 3 meat rations
 i - 2 beef jerkies
 E - 4 chunks of flesh


   Skills:
 + Level 7.2 Fighting
 + Level 7.5 Maces & Flails
 + Level 7.3 Armour
 + Level 5.3 Dodging
 + Level 0.8 Stealth
 + Level 9.5 Shields


You had 8 spell levels left.
You didn't know any spells.

Dungeon Overview and Level Annotations

Branches:
Dungeon (8/15)             Temple (1/1) D:5
   Lair: D:8-11

Altars:
Ashenzari
Dithmenos
Elyvilon
Fedhas
Gozag
Makhleb
Nemelex Xobeh
Okawaru
Qazlal
Sif Muna
Trog
Vehumet
Xom
Zin
The Shining One

Annotations:
D:8 Grum


Innate Abilities, Weirdness & Mutations

You reflexively headbutt those who attack you in melee.
You have a pair of horns on your head.
You have very sharp teeth.
You are clumsy. (Dex -2)
Your magical capacity is very low (-20% MP).
Your natural rate of healing is unusually fast.
Your muscles are strong. (Str +2)


Message History

You block the wolf's attack.
You miss the wolf. Your headbutt misses the wolf. Your bite misses the wolf.
The wolf bites you but does no damage.
Grum bares his teeth.
Grum hits you from afar with a halberd!
* * * LOW HITPOINT WARNING * * *
You block the wolf's attack.
You barely miss the wolf. You bite the wolf, but do no damage.
You block the wolf's attack. You block Grum's attack.
You block the wolf's attack.
You sock the wolf!
The wolf is heavily wounded.
The wolf bites you but does no damage.
You hit the wolf.
You headbutt the wolf, but do no damage.
Your bite misses the wolf.
The wolf is severely wounded.
The wolf closely misses you.
Grum hits you from afar with a halberd!!
You die...

..####.######
#............#
#####......#.#
.......##.#.#
####.####.#.#
#. #.#.### ..
#.....## ...
#..###.#### .#
##...@hg...#
#..######....
#.......§§.# #
######..#§#.D.
##.##.# . #..
## #.#. ..##
###


You could see Grum and a wolf.

Vanquished Creatures
  Psyche (D:8)
  A hippogriff (D:4)
  A wolf (D:8)
  A hungry ghost (D:7)
  An ice beast (D:8)
  An orc warrior (D:6)
  3 sky beasts
  2 black bears (D:8)
  2 phantoms
  A centaur (D:6)
  4 ogres
  3 giant frogs
  2 scorpions
  A water moccasin skeleton (D:5)
  A crimson imp (D:5)
  An orc priest (D:6)
  A centaur skeleton (D:7)
  2 hounds
  3 orc wizards
  2 worker ants
  3 iguanas
  Natasha (twice) (D:2)
  A hound zombie (D:8)
  2 worker ant zombies
  10 adders
  2 oozes
  An adder skeleton (D:5)
  An adder zombie (D:6)
  5 worms
  6 giant geckos
  22 orcs
  3 giant cockroaches
  9 hobgoblins
  12 jackals
  A quokka (D:2)
  6 bats
  5 giant newts
  8 goblins
  7 kobolds
  6 rats
  A bush (D:2)
147 creatures vanquished.

Vanquished Creatures (others)
  A giant cockroach (D:2)
1 creature vanquished.

Grand Total: 148 creatures vanquished

Notes
Turn   | Place    | Note
--------------------------------------------------------------
     0 | D:1      | karlkraus the Minotaur Fighter began the quest for the Orb.
     0 | D:1      | Reached XP level 1. HP: 19/19 MP: 0/0
   130 | D:1      | Reached XP level 2. HP: 17/27 MP: 1/1
   199 | D:1      | Reached skill level 4 in Fighting
   285 | D:1      | Reached XP level 3. HP: 15/34 MP: 2/2
   955 | D:2      | Noticed Natasha
   959 | D:2      | Killed Natasha
   959 | D:2      | Reached XP level 4. HP: 41/41 MP: 3/3
  1348 | D:2      | Reached skill level 1 in Dodging
  1597 | D:2      | Noticed Natasha
  1602 | D:2      | Killed Natasha
  1742 | D:3      | Reached XP level 5. HP: 44/47 MP: 4/4
  1914 | D:3      | Noticed a sky beast
  1929 | D:3      | Killed a sky beast
  1929 | D:3      | Reached skill level 5 in Fighting
  1929 | D:3      | Reached skill level 5 in Shields
  1935 | D:3      | Gained mutation: You have very sharp teeth. [mutagenic meat]
  1936 | D:3      | Gained mutation: Your natural rate of healing is unusually fast. [mutagenic meat]
  1937 | D:3      | Gained mutation: You can spit weak poison. [mutagenic meat]
  1938 | D:3      | Lost mutation: You can spit weak poison. [mutagenic meat]
  1940 | D:3      | Gained mutation: You are clumsy. (Dex -2) [mutagenic meat]
  2036 | D:3      | Reached XP level 6. HP: 56/56 MP: 5/5
  2409 | D:4      | Reached skill level 6 in Shields
  2533 | D:4      | Reached skill level 5 in Armour
  2673 | D:4      | Reached XP level 7. HP: 59/61 MP: 6/6
  2680 | D:4      | Got a transparent ring mail
  2800 | D:4      | Noticed a hippogriff
  2815 | D:4      | Killed a hippogriff
  3048 | D:4      | Reached skill level 5 in Maces & Flails
  3048 | D:4      | Reached skill level 7 in Shields
  3195 | D:5      | Entered Level 5 of the Dungeon
  3370 | D:5      | Found a staircase to the Ecumenical Temple.
  3430 | D:5      | Found a burning altar of Makhleb.
  3439 | D:5      | Noticed an Executioner
  3443 | D:5      | Found a glowing silver altar of Zin.
  3443 | D:5      | Noticed an angel
  3467 | D:5      | Reached XP level 8. HP: 46/70 MP: 7/7
  3753 | Temple   | Entered the Ecumenical Temple
  4110 | D:6      | Identified the +5 ring mail "Ydghotz" {rElec} (You found it on level 4 of the Dungeon)
  4630 | D:6      | Reached skill level 8 in Shields
  5161 | D:7      | Found an iron altar of Okawaru.
  5423 | D:7      | Gained mutation: Your magical capacity is low (-10% MP). [mutagenic meat]
  5424 | D:7      | Gained mutation: Your magical capacity is very low (-20% MP). [mutagenic meat]
  5426 | D:7      | Gained mutation: Your muscles are strong. (Str +2) [mutagenic meat]
  5673 | D:8      | Reached XP level 9. HP: 78/78 MP: 6/6
  5709 | D:8      | Noticed Psyche
  5714 | D:8      | Killed Psyche
  5714 | D:8      | Reached skill level 9 in Shields
  5746 | D:8      | Reached skill level 5 in Dodging
  5824 | D:8      | Noticed Grum
  5844 | D:8      | Slain by Grum

Vault maps used:
D:1:      matt_arrival_los_fun
D:2:      serial_forest, infiniplex_forest_clump_tiny,
          infiniplex_forest_straight_5, infiniplex_forest_lined_corner,
          infiniplex_forest_clump_curved, infiniplex_forest_clump_double,
          infiniplex_forest_straight_5, infiniplex_forest_clump_medium,
          first_bread, lemuel_flame_loot_1, uniq_natasha
D:4:      gup_sewer_entry_bubbles
D:5:      grunt_temple_overflow_order_and_chaos_2,
          minmay_temple_entry_purple_smoke
D:7:      okawaru_metal_pillars_3
D:8:      cheibrodos_worm_habitat, grunt_temple_overflow_open, enter_bailey_7,
          enter_ossuary_2, uniq_grum, uniq_psyche
Temple:   oiseaux_autumnal_temple_12

Action                   |  1- 3 |  4- 6 |  7- 9 || total
-------------------------+-------+-------+-------++-------
Melee: Flail             |   117 |   159 |   279 ||   555
  Use: Scroll            |       |     6 |       ||     6
  Eat: Chunk             |       |    11 |    12 ||    23
       Meat ration       |       |       |     1 ||     1
